 Dungeon Crawl Stone Soup version 0.26.1-11-gd32895ea62 (webtiles) character file.

Game seed: 17361548159363178768

2104 dtburroughs the Chopper (level 9, 0/79 HPs)
             Began as a Minotaur Berserker on June 28, 2021.
             Was an Elder of Trog.
             Blown up by Joseph (25 damage)
             ... with a disintegration bolt
             ... on level 7 of the Dungeon.
             The game lasted 00:12:36 (6676 turns).

dtburroughs the Chopper (Minotaur Berserker)        Turns: 6676, Time: 00:12:37

Health: 0/79       AC: 13    Str: 21    XL:     9   Next: 7%
Magic:  8/8        EV:  6    Int:  7    God:    Trog [****..]
Gold:   396        SH:  8    Dex: 11    Spells: 8/8 levels left

rFire    . . .     SeeInvis .   A - +3 war axe (vorpal)
rCold    . . .     Faith    .   C - +0 kite shield
rNeg     . . .     Spirit   .   r - +0 plate armour
rPois    .         Reflect  .   (helmet restricted)
rElec    .         Harm     .   (no cloak)
rCorr    .         Rampage  .   (no gloves)
Will     .....                  (no boots)
Stlth    ..........             (no amulet)
HPRegen  0.23/turn              (no ring)
MPRegen  0.11/turn              (no ring)

@: no status effects
A: retaliatory headbutt, horns 2
a: Renounce Religion, Berserk, Trog's Hand, Brothers in Arms


You were on level 7 of the Dungeon.
You worshipped Trog.
Trog was greatly pleased with you.
You visited 1 branch of the dungeon, and saw 7 of its levels.

You collected 396 gold pieces.

Inventory:

Hand Weapons
 o - a +0 battleaxe
 A - a +3 vorpal war axe (weapon)
 D - a +0 morningstar of pain
Armour
 r - a +0 plate armour (worn)
 C - a +0 kite shield (worn)
Jewellery
 y - a cursed ring of attention {unknown}
 B - an uncursed ring of flight {unknown}
Wands
 p - a wand of flame (15)
 s - a wand of random effects (16)
 w - a wand of polymorph (4)
Scrolls
 b - 2 scrolls of enchant armour {unknown}
 c - 12 scrolls of identify {unknown}
 e - 2 scrolls of teleportation {unknown}
 f - 4 scrolls of noise {unknown}
 g - a scroll of remove curse {unknown}
 h - a scroll of amnesia {unknown}
 m - 2 scrolls of fog {unknown}
 q - 4 scrolls of magic mapping {unknown}
 v - a scroll of fear {unknown}
Potions
 a - a potion of resistance {unknown}
 d - a potion of haste {unknown}
 i - 4 potions of curing {unknown}
 j - a potion of berserk rage {unknown}
 k - a potion of flight {unknown}
 l - a potion of experience {unknown}
 n - a potion of might {unknown}
 t - a potion of attraction {unknown}
 u - a potion of heal wounds {unknown}
 x - 2 potions of degeneration {unknown}
 z - a potion of mutation {unknown}


   Skills:
 + Level 7.5 Fighting
 + Level 7.5 Axes
 + Level 7.1 Armour
 + Level 6.4 Dodging
 + Level 1.2 Shields
 + Level 3.7 Evocations


You had 8 spell levels left.
You didn't know any spells.
Your spell library was empty.

Dungeon Overview and Level Annotations

Branches:
Dungeon (7/15)             Temple (0/1) D:5

Altars:
Ashenzari
Cheibriados
Dithmenos
Elyvilon
Fedhas
Gozag
Qazlal
Sif Muna
Trog
Zin

Annotations:
D:3 3 runed translucent doors, oc3rt's ghost, amateur KoHu
D:4 2 transporters
D:7 Joseph


Innate Abilities, Weirdness & Mutations

You reflexively headbutt those who attack you in melee.
You have a pair of horns on your head.


Message History

Joseph shoots a sling bullet.
The sling bullet hits you! The sling bullet freezes you.
Found a white marble altar of Elyvilon.
An ice beast comes into view.
Joseph shoots a sling bullet.
The sling bullet hits you! The sling bullet freezes you.
You see here a sling bullet.
You see here a runed morningstar.
D - a runed morningstar Joseph shoots a sling bullet.
The sling bullet closely misses you.
You see here 2 sling bullets.
You fail to use your ability.
Joseph shoots a sling bullet.
The sling bullet hits you! The sling bullet freezes you.
You see here a sling bullet.
You fail to use your ability.
Joseph says, "You will never get the ORB, sorry."
You fail to use your ability.
Joseph zaps a wand.
You struggle to resist.
Joseph zaps a wand.
You are blasted!
You die...

################
#.[............#
.#.###.#######.#
#....# #.#
#.###@# #.# #(#
#.# #(# #.# #.#
#.# #@# #.# .Y.
#.# ...## #.##
....# #..#
.._...#.# ##.#


You could see Joseph and an ice beast.

Vanquished Creatures
  Grinder (D:6)
  A steam dragon (D:6)
  A necrophage (D:6)
  An ogre (D:6)
  A phantom (D:4)
  A centaur (D:7)
  A bullfrog (D:6)
  2 scorpions (D:5)
  5 wights (D:6)
  5 killer bees (D:7)
  A howler monkey (D:6)
  A centaur zombie (D:6)
  2 orc priests
  A bullfrog skeleton (D:5)
  A centaur skeleton (D:2)
  2 jellies
  An iguana (D:6)
  3 orc wizards
  6 worker ants
  4 hound skeletons
  2 worker ant zombies (D:5)
  9 adders
  A howler monkey skeleton (D:5)
  A shadow imp (D:6)
  2 white imps
  2 ufetubi
  2 oozes
  4 adder zombies (D:5)
  2 worms
  A dart slug (D:1)
  5 leopard geckos
  19 orcs
  17 giant cockroaches
  7 goblins
  6 hobgoblins
  5 jackals
  5 quokkas
  2 ball pythons (D:2)
  9 bats
  4 frilled lizards (D:3)
  A giant cockroach zombie (D:5)
  2 jackal zombies (D:5)
  10 kobolds
  2 quokka skeletons (D:5)
  7 rats
168 creatures vanquished.

Vanquished Creatures (others)
  3 withered plants (D:5)
3 creatures vanquished.

Grand Total: 171 creatures vanquished

Notes
Turn   | Place    | Note
-------+----------+-------------------------------------------
     0 | D:1      | dtburroughs the Minotaur Berserker began the quest for the
                  | Orb.
     0 | D:1      | Reached XP level 1. HP: 19/19 MP: 0/0
   216 | D:1      | Reached XP level 2. HP: 26/27 MP: 1/1
   815 | D:2      | Reached ** piety under Trog
   820 | D:2      | Reached XP level 3. HP: 32/33 MP: 2/2
  1021 | D:2      | Reached XP level 4. HP: 35/41 MP: 3/3
  1435 | D:2      | Reached XP level 5. HP: 45/47 MP: 4/4
  1721 | D:2      | Reached *** piety under Trog
  1725 | D:2      | Found an opulent altar of Gozag.
  1917 | D:3      | Found a bloodstained altar of Trog.
  2332 | D:3      | Reached skill level 5 in Axes
  2486 | D:3      | Found a runed translucent gate.
  2488 | D:3      | Found a runed translucent gate.
  2490 | D:3      | Found a runed translucent gate.
  2491 | D:3      | Noticed oc3rt's ghost (amateur KoHu)
  2544 | D:3      | Reached skill level 5 in Fighting
  2944 | D:4      | Reached XP level 6. HP: 43/56 MP: 5/5
  3082 | D:4      | Found a transporter.
  3265 | D:4      | Found a transporter.
  3517 | D:4      | Found a shimmering blue altar of Sif Muna.
  3752 | D:5      | Entered Level 5 of the Dungeon
  3823 | D:5      | Found a white marble altar of Elyvilon.
  3868 | D:5      | Found a stormy altar of Qazlal.
  3893 | D:5      | Found a glowing silver altar of Zin.
  3928 | D:5      | Reached skill level 5 in Armour
  3964 | D:5      | Reached XP level 7. HP: 56/61 MP: 6/6
  4024 | D:5      | Reached skill level 1 in Evocations
  4026 | D:5      | Found a staircase to the Ecumenical Temple.
  4054 | D:5      | Reached **** piety under Trog
  4234 | D:5      | Found a white marble altar of Elyvilon.
  4283 | D:5      | Found a snail-covered altar of Cheibriados.
  4303 | D:5      | Found a shadowy altar of Dithmenos.
  4497 | D:5      | Found a broken altar of Ashenzari.
  4695 | D:6      | Noticed Eustachio
  4702 | D:6      | Noticed Eustachio
  4702 | D:6      | Eustachio changed into Eustachio the steam dragon
  4715 | D:6      | Killed Eustachio the steam dragon
  4716 | D:6      | Reached skill level 5 in Dodging
  5065 | D:6      | Reached XP level 8. HP: 23/71 MP: 7/7
  5715 | D:6      | Noticed Grinder
  5715 | D:6      | Paralysed by Grinder for 2 turns
  5726 | D:6      | Killed Grinder
  5822 | D:6      | Found a blossoming altar of Fedhas.
  6424 | D:7      | Reached XP level 9. HP: 56/79 MP: 8/8
  6427 | D:7      | Reached skill level 1 in Shields
  6666 | D:7      | Noticed Joseph
  6667 | D:7      | Found a white marble altar of Elyvilon.
  6676 | D:7      | Blown up by Joseph

Illustrated notes

Levels and vault maps discovered:
D:1:      erik_arrival_orb_chamber, layout_loops_ring, minmay_misc_feat_room,
          roderic_cross_of_infinity, minmay_misc_feat_nine_boxes
D:2:      minmay_roachtagon, layout_basic, marbit_many_paths
D:3:      layout_loops_corners, lightli_temple_of_fire,
          gammafunk_ghost_necromancy
D:4:      gammafunk_steamed_eel, layout_rooms, tgw_sif, hex_large
D:5:      layout_loops_cross, nicolae_overflow_hidden_temple,
          nicolae_overflow_quartered_altars, kennysheep_mini_moat,
          minmay_temple_entry_drinking_statues, serial_undead, serial_undead_b,
          serial_undead_a, serial_undead_a, serial_undead_d, serial_undead_f,
          serial_undead_d, basic_altar
D:6:      layout_loops_ring, lemuel_statue_altar, uniq_eustachio, uniq_grinder
D:7:      layout_loops_ring, tgw_fedhas, basic_altar, uniq_joseph

Skill      XL: |  1  2  3  4  5  6  7  8  9 |
---------------+----------------------------+-----
Fighting       | 4 5 6 7 |  7.5
Axes           | 4 5 6 7 |  7.5
Armour         | 3 4 5 7 |  7.1
Dodging        | 3 4 5 6 |  6.4
Evocations     | 2 3 |  3.7
Shields        | 1 |  1.2

Action                   |  1- 3 |  4- 6 |  7- 9 || total
-------------------------+-------+-------+-------++-------
Melee: Hand axe          |    81 |   188 |    97 ||   366
       Headbutt          |    12 |    28 |    36 ||    76
       War axe           |       |       |    82 ||    82
Invok: Trog's Hand       |       |     2 |     2 ||     4
       Berserk           |       |       |     1 ||     1
Evoke: Wand              |       |       |     1 ||     1
Armor: Animal skin       |     4 |       |       ||     4
       Chain mail        |    51 |    71 |       ||   122
       Plate armour      |       |    45 |   106 ||   151
Dodge: Dodged            |    43 |    78 |    73 ||   194
Block: Kite shield       |       |       |    18 ||    18
